 Dungeon Crawl Stone Soup version 0.32-a0-913-g739538afd8 (webtiles) character file.

Game seed: 3819305542996290571

18928 PriceMaster the Thaumaturge (level 12, 0/90 HPs)
             Began as a Spriggan Alchemist on Apr 8, 2024.
             Was an Elder of Nemelex Xobeh.
             Killed by vampiric draining
             ... invoked by a vampire
              (11 damage)
             ... on level 12 of the Dungeon.
             The game lasted 00:37:16 (17701 turns).

PriceMaster the Thaumaturge (Spriggan Alchemist)   Turns: 17701, Time: 00:37:17

Health: 0/90       AC: 26    Str: 14    XL:     12   Next: 32%
Magic:  1/31       EV:  4    Int: 31    God:    Nemelex Xobeh [****..]
Gold:   782        SH:  0    Dex: 14    Spells: 17/39 levels left

rFire   . . .        w - +2 whip of the Horn {venom, ^Fragile rElec rCorr Int+5 SInv}
rCold   . . .        (no shield)
rNeg    . . .        P - melded +2 robe {rC+}
rPois   +            (helmet currently unavailable)
rElec   +            (cloak currently unavailable)
rCorr   +            (gloves unavailable)
SInv    +            (boots unavailable)
Will    ++...        E - amulet "Qaggyn" {Faith Int+5 Slay+3}
Stlth   +++++        s - ring of wizardry
HPRegen 0.35/turn    F - +6 ring of strength
MPRegen 0.22/turn

%: faith, wizardry (x1)
@: tree-form, very slightly contaminated
A: stationary, stasis, torment immunity, boosted hp, very small, no large
weapons, unfitting armour, see invisible, (speed 3), strong 1, wild magic 1,
inability to read after injury 1
a: Renounce Religion, Draw Escape, Draw Destruction, Draw Summoning, Triple
Draw, Deal Four


You were on level 12 of the Dungeon.
You worshipped Nemelex Xobeh.
Nemelex Xobeh was greatly pleased with you.
You were a tree.
You visited 1 branch of the dungeon, and saw 12 of its levels.
You also visited: Bailey.

You collected 782 gold pieces.

Inventory:

Hand Weapons
 c - a +0 dagger
 i - a +0 short sword
 j - a +2 hand axe of freezing
 k - a +0 falchion of protection
 n - a +0 heavy flail
 p - a +2 short sword of speed
 w - the +2 whip of the Horn (weapon) {venom, ^Fragile rElec rCorr Int+5 SInv}
   (You found it on level 5 of the Dungeon)

   Int+5:     It affects your intelligence (+5).
   rElec:     It insulates you from electricity.
   SInv:      It lets you see invisible.
   rCorr:     It protects you from acid and corrosion.
   ^Fragile:  It will be destroyed if unequipped.
Armour
 a - a +0 robe
 N - a +2 robe
 P - a +2 robe of cold resistance (melded)
Jewellery
 f - an amulet of magic regeneration
 m - a +6 ring of dexterity
 s - a ring of wizardry (left branch)
 E - the amulet "Qaggyn" (around neck) {Faith Int+5 Slay+3}
   (You acquired it in a bailey)

   [amulet of faith]

   Faith:     It allows you to gain divine favour quickly.
   Int+5:     It affects your intelligence (+5).
   Slay+3:    It affects your accuracy & damage with ranged weapons and melee
   (+3).
 F - a +6 ring of strength (right branch)
 K - a ring of willpower
Wands
 h - a wand of quicksilver (12)
 o - a wand of mindburst (9)
 q - a wand of charming (6)
 B - a wand of digging (20)
 G - a wand of roots (3)
 I - a wand of polymorph (21)
Scrolls
 e - 5 scrolls of teleportation
 g - a scroll of fog
 r - a scroll of identify
 t - 2 scrolls of poison
 u - 2 scrolls of amnesia
 y - 2 scrolls of revelation
 A - 2 scrolls of enchant weapon {unknown}
 H - 3 scrolls of noise {unknown}
 J - a scroll of fear {unknown}
 L - a scroll of blinking {unknown}
Potions
 b - a potion of attraction
 l - 3 potions of might
 v - a potion of haste {unknown}
 x - 3 potions of lignification
 M - a potion of brilliance
 O - a potion of resistance {unknown}
Miscellaneous
 d - a phial of floods
 C - a tin of tremorstones (2/2)
 D - a sack of spiders


   Skills:
 * Level 5.4 Fighting
 + Level 1.3 Short Blades
 + Level 0.8 Maces & Flails
 * Level 8.9 Dodging
 * Level 11.0 Stealth
 * Level 14.3 Spellcasting
 + Level 2.9 Conjurations
 + Level 3.1 Hexes
 + Level 2.0 Fire Magic
 + Level 0.6 Air Magic
 * Level 12.0 Alchemy
 + Level 1.5 Evocations


You had 17 spell levels left.
You knew the following spells:

 Your Spells              Type           Power      Damage    Failure   Level
a - Sting                 Conj/Alch      100%       1d9       1%          1
b - Olgreb's Toxic Radia  Alch           90%        N/A       1%          4
c - Sticky Flame          Fire/Alch      72%        2d12      1%          4
d - Yara's Violent Unrav  Hex/Alch       37%        3d15      1%          5
e - Tukima's Dance        Hex            53%        N/A       1%          3
f - Mephitic Cloud        Conj/Alch/Air  63%        N/A       1%          3
g - Scorch                Fire           90%        2d8       1%          2

Your spell library contained the following spells:

 Spells                   Type           Power      Damage    Failure   Level
 Cigotuvi's Dreadful Rot  Necr/Alch/Air  100%       N/A       1%          2
 Mercury Vapours          Alch/Air       100%       N/A       1%          2
 Call Canine Familiar     Summ           28%        N/A       4%          3
 Fugue of the Fallen      Necr           28%        N/A       4%          3
 Ozocubu's Armour         Ice            28%        N/A       4%          3
 Summon Ice Beast         Ice/Summ       28%        N/A       4%          3
 Flame Wave               Conj/Fire      48%        2d12      4%          4
 Animate Armour           Summ/Erth      56%        N/A       12%         4
 Dispel Undead            Necr           28%        3d13      12%         4
 Martyr's Knell           Necr/Summ      28%        N/A       12%         4
 Passage of Golubria      Tloc           28%        N/A       12%         4
 Silence                  Hex/Air        22%        N/A       14%         5
 Summon Forest            Summ/Tloc      14%        N/A       30%         5
 Summon Cactus Giant      Summ           14%        N/A       80%         6
 Manifold Assault         Tloc           14%        N/A       100%        7


Dungeon Overview and Level Annotations

Branches:
Dungeon (12/15)            Temple (0/1) D:5            Lair (0/5) D:8
 Bailey (visited)
    Orc: D:9-12

Altars:
Elyvilon
Nemelex Xobeh
Trog
Vehumet
Wu Jian
Xom
Yredelemnul
Zin
The Shining One

Shops:
D:1 :*

Portals:
Trove: D:11 (give 6 scrolls of fear)


Innate Abilities, Weirdness & Mutations

You are a tree.
Your roots penetrate the ground, keeping you stationary.
You cannot be teleported.
You are immune to unholy pain and torment.
Your maximum health is greatly increased.
Your equipment is partially melded.
You are very small and have problems with some larger weapons.
You are too small for most types of armour.
You have supernaturally acute eyesight. (SInv)
((You cover ground extremely quickly. (Speed+++)))
Your muscles are strong. (Str +4, Int/Dex -1)
Your spells are a little harder to cast, but a little more powerful.
You occasionally lose the ability to read scrolls when taking damage.


Message History

Nothing appears to happen.
The vampire gestures wildly while chanting.
The vampire flickers and vanishes for a moment.
Casting: Sticky Flame (dangerous; 1% risk of failure)
Confirm with . or Enter, or press ? or * to list all spells.
You don't have enough magic to cast this spell.
Unknown command.
You turn into a tree.
Your +2 robe of cold resistance melds into your body.
You feel less resistant to cold.
Your roots penetrate the ground.
The vampire draws life force from you!
* * * LOW HITPOINT WARNING * * *
The vampire is healed by the life force!
You hit the vampire but do no damage.
The vampire is severely damaged.
The vampire is no longer more vulnerable to fire.
The vampire hits you but does no damage.
The vampire bites you but does no damage.
You barely miss the vampire.
The vampire is severely damaged.
The vampire draws life force from you.
* * * LOW HITPOINT WARNING * * *
The vampire is healed by the life force!
Casting: Sticky Flame (mildly dangerous; 1% risk of failure)
Confirm with . or Enter, or press ? or * to list all spells.
Flames lash the vampire.
The vampire is severely damaged.
The vampire's fire resistance burns away.
The vampire barely misses you.
The vampire bites you but does no damage.
You hit the vampire but do no damage.
The vampire is severely damaged.
The vampire draws life force from you!
* * * LOW HITPOINT WARNING * * *
The vampire is healed by the life force!
You whack the vampire!
The vampire is almost destroyed.
The vampire draws life force from you!
You die...
Your body disappears without a glow.

###########
#..V......###
#.#######...#######
#...#.....#........
###V#.###.#########
#.♣.# #...# #####
#)### #...#
#######.##
###...V.).#
###...#######
#...### #$### #$


You could see a vampire (invisible, combustible).

Vanquished Creatures
  A boulder beetle (D:12)
  A centaur warrior (D:11)
  2 two-headed ogres
  Nergalle (D:10)
  Sonja (D:12)
  A deep elf pyromancer (D:9)
  A dancing weapon (D:9)
  10 centaur zombies (D:12)
  Psyche (D:12)
  A kobold demonologist (D:7)
  A troll (D:11)
  A hornet (D:10)
  A meliai zombie (D:12)
  3 slime creatures (D:12)
  Sigmund (D:2)
  2 shadows
  A wyvern (D:9)
  4 yaks (D:8)
  4 water elementals (D:10)
  4 wraiths
  Grum (D:10)
  3 vampire mosquitoes (D:12)
  Edmund (D:5)
  2 water moccasins (D:8)
  Duvessa (D:5)
  3 ice beasts
  12 orc warriors
  3 ogres
  11 centaurs
  2 wolves (D:10)
  A phantom (D:5)
  3 bullfrogs
  2 kobold brigands
  Blork the orc (D:5)
  2 gnoll sergeants
  2 scorpions (D:5)
  Dowan (D:5)
  2 wights (D:10)
  9 killer bees (D:10)
  A howler monkey (D:6)
  A hound (D:6)
  4 bombardier beetles
  2 jellies
  A gnoll bouda (D:7)
  8 orc priests
  3 iguanas (D:6)
  4 sleepcaps
  Terence (D:3)
  5 orc wizards
  A boggart zombie (D:12)
  17 gnolls
  7 adders
  A dart slug (D:3)
  55 orcs
  2 ball pythons
  11 endoplasms
  A giant cockroach (D:1)
  10 goblins
  6 hobgoblins
  5 quokkas
  2 bats
  7 frilled lizards
  15 kobolds
  5 rats
279 creatures vanquished.

Vanquished Creatures (collateral kills)
  2 two-headed ogres (D:11)
  A meliai zombie (D:12)
  2 centaurs (D:9)
  2 wights (D:10)
  A gnoll (D:10)
8 creatures vanquished.

Vanquished Creatures (others)
  A centaur (D:12)
  A gnoll (D:10)
2 creatures vanquished.

Grand Total: 289 creatures vanquished

Notes
Turn   | Place    | Note
-------+----------+-------------------------------------------
     0 | D:1      | PriceMaster the Spriggan Alchemist began the quest for the
                  | Orb.
     0 | D:1      | Reached XP level 1. HP: 9/9 MP: 5/5
   201 | D:1      | Found Suothre's Assorted Antiques.
   411 | D:1      | Reached XP level 2. HP: 13/13 MP: 3/6
   646 | D:1      | Found Hugivafu's Vocational Training.
   884 | D:1      | Reached skill level 3 in Spellcasting
  1162 | D:2      | Reached XP level 3. HP: 16/16 MP: 6/8
  1336 | D:2      | Noticed Sigmund
  1393 | D:2      | Killed Sigmund
  1394 | D:2      | Reached skill level 1 in Fighting
  1394 | D:2      | Reached skill level 4 in Spellcasting
  1394 | D:2      | Reached skill level 1 in Conjurations
  1394 | D:2      | Reached XP level 4. HP: 16/22 MP: 1/11
  1394 | D:2      | Reached XP level 5. HP: 18/25 MP: 1/12
  1894 | D:3      | Reached skill level 5 in Alchemy
  2149 | D:3      | Noticed Terence
  2160 | D:3      | Killed Terence
  2161 | D:3      | Reached XP level 6. HP: 30/30 MP: 11/13
  2213 | D:3      | Found a white marble altar of Elyvilon.
  2278 | D:3      | Found a basalt altar of Yredelemnul.
  2619 | D:4      | Learned a level 4 spell: Olgreb's Toxic Radiance
  2927 | D:4      | Found a sparkling altar of Nemelex Xobeh.
  2930 | D:4      | Found a bloodstained altar of Trog.
  2934 | D:4      | Found a glowing silver altar of Zin.
  2936 | D:4      | Found an ornate altar of the Wu Jian Council.
  2938 | D:4      | Found a radiant altar of Vehumet.
  2939 | D:4      | Found a shimmering altar of Xom.
  2948 | D:4      | Became a worshipper of Nemelex Xobeh the Trickster
  2997 | D:4      | Reached skill level 5 in Spellcasting
  3465 | D:5      | Entered Level 5 of the Dungeon
  3488 | D:5      | Reached XP level 7. HP: 18/33 MP: 3/16
  3545 | D:5      | Reached skill level 6 in Spellcasting
  3623 | D:5      | Reached skill level 1 in Short Blades
  3669 | D:5      | Noticed Dowan
  3670 | D:5      | Noticed Duvessa
  3683 | D:5      | Killed Dowan
  3684 | D:5      | Reached skill level 5 in Stealth
  3685 | D:5      | Killed Duvessa
  3867 | D:5      | Identified the +2 whip of the Horn {venom, ^Fragile rElec
                  | rCorr Int+5 SInv}
  3903 | D:5      | Noticed Edmund
  3941 | D:5      | Reached XP level 8. HP: 39/39 MP: 14/19
  3967 | D:5      | Reached skill level 7 in Spellcasting
  3968 | D:5      | Killed Edmund
  4070 | D:5      | Noticed Blork the orc
  4076 | D:5      | Killed Blork the orc
  4077 | D:5      | Reached skill level 5 in Dodging
  4303 | D:5      | Reached * piety under Nemelex Xobeh
  4346 | D:5      | Found a staircase to the Ecumenical Temple.
  5197 | D:6      | Reached skill level 8 in Spellcasting
  5459 | D:6      | Received a gift from Nemelex Xobeh
  5464 | D:6      | Reached XP level 9. HP: 43/43 MP: 18/22
  5663 | D:6      | Learned a level 4 spell: Sticky Flame
  5801 | D:7      | Reached ** piety under Nemelex Xobeh
  5805 | D:7      | Noticed a kobold demonologist
  5810 | D:7      | Killed a kobold demonologist
  5811 | D:7      | Reached skill level 1 in Evocations
  5831 | D:7      | Found a flagged portal.
  5851 | Bailey   | Entered a bailey
  5862 | Bailey   | Reached skill level 9 in Spellcasting
  6384 | Bailey   | Reached skill level 10 in Spellcasting
  6637 | Bailey   | Reached XP level 10. HP: 13/49 MP: 9/25
  6896 | Bailey   | Acquired the amulet "Qaggyn" {Faith Int+5 Slay+3}
  7032 | Bailey   | Acquired the Folio of Enchanted Support
  7040 | Bailey   | Learned a level 5 spell: Yara's Violent Unravelling
  7044 | Bailey   | Learned a level 3 spell: Tukima's Dance
  7427 | D:7      | Learned a level 3 spell: Mephitic Cloud
  7664 | D:7      | Received a gift from Nemelex Xobeh
  8037 | D:8      | Reached *** piety under Nemelex Xobeh
  8072 | D:8      | Received a gift from Nemelex Xobeh
  8105 | D:8      | HP: 2/49 [poisoned by a water moccasin]
  8974 | D:8      | Found a staircase to the Lair.
  9433 | D:8      | Received a gift from Nemelex Xobeh
  9631 | D:9      | Reached skill level 11 in Spellcasting
  9635 | D:9      | Reached skill level 10 in Alchemy
  9636 | D:9      | Noticed a deep elf pyromancer
  9653 | D:9      | Killed a deep elf pyromancer
  9700 | D:9      | Reached skill level 1 in Fire Magic
 10074 | D:9      | Noticed a two-headed ogre
 10090 | D:9      | Killed a two-headed ogre
 10091 | D:9      | Reached skill level 1 in Hexes
 10652 | D:10     | Entered Level 10 of the Dungeon
 11162 | D:10     | Noticed a two-headed ogre
 11170 | D:10     | Killed a two-headed ogre
 11171 | D:10     | Reached XP level 11. HP: 53/53 MP: 7/27
 11188 | D:10     | Reached skill level 12 in Spellcasting
 11283 | D:10     | Noticed Nergalle
 11308 | D:10     | Killed Nergalle
 11970 | D:10     | Noticed Grum
 11982 | D:10     | Killed Grum
 12118 | D:10     | Found a glowing golden altar of the Shining One.
 12118 | D:10     | Reached **** piety under Nemelex Xobeh
 12472 | D:10     | Received a gift from Nemelex Xobeh
 12512 | D:10     | Received a gift from Nemelex Xobeh
 13205 | D:11     | Noticed a two-headed ogre
 13212 | D:11     | Killed a two-headed ogre
 13252 | D:11     | Noticed a centaur warrior
 13260 | D:11     | Killed a centaur warrior
 13732 | D:11     | Gained mutation: You occasionally lose the ability to read
                  | scrolls when taking damage. [potion of mutation]
 13732 | D:11     | Gained mutation: Your spells are a little harder to cast,
                  | but a little more powerful. [potion of mutation]
 13732 | D:11     | Gained mutation: Your muscles are strong. (Str +4, Int/Dex
                  | -1) [potion of mutation]
 13736 | D:11     | Learned a level 2 spell: Scorch
 13797 | D:11     | Noticed a two-headed ogre
 13807 | D:11     | Killed a two-headed ogre
 13808 | D:11     | Reached skill level 10 in Stealth
 14209 | D:11     | Found a portal to a secret trove of treasure.
 14682 | D:12     | Noticed Sonja
 14691 | D:12     | Killed Sonja
 14692 | D:12     | Reached skill level 13 in Spellcasting
 15390 | D:12     | Reached skill level 5 in Fighting
 15581 | D:12     | Reached XP level 12. HP: 60/60 MP: 14/30
 15897 | D:12     | Noticed Psyche
 15902 | D:12     | Killed Psyche
 15915 | D:12     | Found a basalt altar of Yredelemnul.
 16288 | D:12     | Received a gift from Nemelex Xobeh
 16600 | D:12     | Noticed a boulder beetle
 16613 | D:12     | Killed a boulder beetle
 17036 | D:12     | Reached skill level 14 in Spellcasting
 17701 | D:12     | Killed from afar by a vampire

Illustrated notes

Levels and vault maps discovered:
D:1:      hellmonk_arrival_library, layout_loops_cross, serial_shops,
          shop_statue, nicolae_shop_vocational
D:2:      layout_basic, uniq_sigmund
D:3:      layout_rooms, kennysheep_ying_yang, minmay_splitting_lines,
          minmay_misc_feat_room, uniq_terence
D:4:      layout_basic, minitemple, chequers_serial_rivers_large_a
D:5:      layout_rooms, minmay_temple_entry_butterflies, chequers_garden,
          uniq_edmund, uniq_duvessa, uniq_blork_the_orc
D:6:      layout_gridville
D:7:      layout_cave_pods, enter_bailey_5
D:8:      layout_cave_pools, lair_entry_dummy
D:9:      layout_rooms, nicolae_two_hexagons, minmay_microvault
D:10:     layout_cave_pools, mainiacjoe_overflow_24_doors,
          nicolae_underground_beach, uniq_grum, uniq_nergalle
D:11:     layout_loops_ring, nicolae_trove_entry_crossroad
D:12:     layout_roguey, hiddenorc2_lemuel, nicolae_yredelemnul_corpse_copse,
          uniq_sonja, uniq_psyche

Skill      XL: |  1  2  3  4  5  6  7  8  9 10 11 12 |
---------------+-------------------------------------+-----
Alchemy        | 4 5 6 7 9 10 11 12 | 12.0
Dodging        | 3 4 5 6 7 8 |  8.9
Spellcasting   | 3 4 5 6 8 10 11 13 14 | 14.3
Fighting       | 1 2 3 4 5 |  5.4
Conjurations   | 1 2 |  2.9
Stealth        | 4 5 6 7 9 10 11 | 11.0
Short Blades   | 1 |  1.3
Evocations     | 1 |  1.5
Fire Magic     | 1 2 |  2.0
Hexes          | 1 2 3 |  3.1
Maces & Flails | |  0.8
Air Magic      | |  0.6

Action                     |  1- 3 |  4- 6 |  7- 9 | 10-12 || total
---------------------------+-------+-------+-------+-------++-------
  Melee: Unarmed           |     1 |       |       |       ||     1
         Dagger            |    15 |     4 |       |       ||    19
         Hand axe          |       |    13 |       |       ||    13
         Short sword       |       |     4 |    10 |       ||    14
         Whip              |       |       |    31 |    43 ||    74
   Cast: Sting             |    53 |    87 |   107 |    42 ||   289
         Olgreb's Toxic Ra |       |    10 |    62 |    52 ||   124
         Sticky Flame      |       |       |     4 |    42 ||    46
         Mephitic Cloud    |       |       |       |    36 ||    36
         Yara's Violent Un |       |       |       |    44 ||    44
         Tukima's Dance    |       |       |       |    23 ||    23
         Scorch            |       |       |       |    46 ||    46
 Invoke: Draw Destruction  |       |       |       |     1 ||     1
  Evoke: Wand              |       |       |    12 |    22 ||    34
         Sack of spiders   |       |       |       |     1 ||     1
    Use: Potion            |     1 |       |       |    11 ||    12
         Scroll            |     1 |       |       |    10 ||    11
 Armour: Robe              |     4 |    14 |    39 |   113 ||   170
         Skin              |       |       |       |     3 ||     3
  Dodge: Dodged            |    27 |    43 |    79 |   176 ||   325

Table legend: (Time is in decaauts)
 A = Elapsed time spent in this place.
 B = Non-inter-level travel time spent in this place.
 C = Inter-level travel time spent in this place.
 D = Time resting spent in this place.
 E = Time spent auto-exploring this place.
 F = Levels seen in this place.
 G = Mean time per level.
                   A        B        C        D        E       F      G
               +--------+--------+--------+--------+--------+-----+--------+
         Total |  14963 |  14750 |    213 |   7351 |   5563 |  13 | 1151.0 |
       Dungeon |  13823 |  13610 |    213 |   6714 |   5318 |  12 | 1151.9 |
        Bailey |   1140 |   1140 |      0 |    637 |    244 |   1 | 1140.0 |
               +--------+--------+--------+--------+--------+-----+--------+

Top non-repeatable levels by time:
    D:12: 2841 daAuts
    D:10: 2301 daAuts
     D:8: 1416 daAuts
    D:11: 1266 daAuts
  Bailey: 1140 daAuts
     D:6: 1055 daAuts
     D:1: 846 daAuts
     D:9: 836 daAuts
     D:5: 781 daAuts
     D:7: 759 daAuts
     D:4: 746 daAuts
     D:2: 565 daAuts
     D:3: 405 daAuts
